AoeStats
← CanineSphinx22

Arena

509608692Analyzed
4v4 RM · 3d ago on Sep 27, 2026· 82m 24s· 8 players
Game mode
Random Map
Map size
Large (8 player)
Population
200
Speed
Normal
Resources
Standard
Victory
Conquest
Starting age
Dark Age
Ending age
Imperial Age
RankedLock teamsTeams togetherTeam positionsShared explorationLock speedFull tech treeHidden civsTurbo modeCheats
Victory
Defeat
🇹🇷 Franks · Türkiye
740
+16
🇫🇷 Bohemians · France
731
+16
🇺🇸 Celts · United States
729
+16
🇺🇸 Ethiopians · United States
640
+20
🇨🇳 Romans · China
801
-20
🇵🇹 Maya · Portugal
782
-19
🇨🇳 Poles · China
731
-17
🇪🇸 Britons · Spain
600
-12
DuceDubz
0:34 Loom
15:18 Feudal Age
16:31 Horse Collar
16:40 Double-Bit Axe
17:34 Wheelbarrow
21:03 Gold Mining
21:04 Stone Mining
23:29 Arson
26:53 Castle Age
26:32 Fletching
26:53 Forging
26:44 Scale Mail Armor
27:18 Padded Archer Armor
30:25 Caravan
30:56 Coinage
30:45 Heavy Plow
31:00 Elite Skirmisher
32:07 Bow Saw
31:56 Bodkin Arrow
34:05 Leather Archer Armor
34:27 Iron Casting
34:56 Ballistics
34:59 Fortified Wall
35:26 Pikeman
38:18 Hand Cart
40:55 Imperial Age
38:47 Stronghold
43:30 Stone Shaft Mining
43:31 Gold Shaft Mining
43:16 Onager
43:18 Heavy Scorpion
45:23 Siege Engineers
46:29 Chemistry
45:31 Siege Onager
49:40 Banking
49:26 Guilds
53:22 Furor Celtica
56:17 Halberdier
60:49 Blast Furnace
60:05 Chain Mail Armor
66:32 Elite Woad Raider
CHIP
0:32 Loom
14:30 Feudal Age
18:45 Gold Mining
18:44 Double-Bit Axe
19:29 Horse Collar
21:43 Wheelbarrow
24:34 Castle Age
23:02 Stone Mining
23:39 Arson
23:15 Man-at-Arms
23:51 Town Watch
24:01 Fletching
24:11 Padded Archer Armor
25:57 Bodkin Arrow
26:18 Leather Archer Armor
26:12 Thumb Ring
25:28 Crossbowman
27:54 Heavy Plow
28:06 Bow Saw
30:10 Hand Cart
30:03 Royal Heirs
31:57 Husbandry
34:44 Squires
36:50 Gold Shaft Mining
38:48 Imperial Age
38:56 Imperial Age
38:46 Ballistics
39:01 Forging
38:52 Scale Mail Armor
38:58 Scale Barding Armor
39:45 Stone Shaft Mining
40:37 Chemistry
39:44 Siege Engineers
39:05 Arbalester
40:10 Conscription
40:56 Caravan
41:59 Elite Shotel Warrior
46:44 Halberdier
47:36 Bracer
48:06 Ring Archer Armor
48:12 Iron Casting
47:53 Chain Mail Armor
CanineSphinx22
0:30 Loom
12:02 Feudal Age
13:09 Double-Bit Axe
13:08 Horse Collar
23:02 Castle Age
24:14 Bow Saw
24:10 Caravan
27:54 Chemistry
29:13 Heavy Plow
34:28 Wheelbarrow
33:39 Town Watch
37:32 Imperial Age
35:08 Murder Holes
35:34 Ballistics
35:19 Scale Mail Armor
36:22 Padded Archer Armor
36:12 Fletching
36:32 Forging
36:38 Chain Mail Armor
36:38 Fortified Wall
36:39 Masonry
35:58 Pikeman
36:49 Squires
38:12 Hand Cart
37:57 Town Patrol
38:16 Bodkin Arrow
38:58 Conscription
38:47 Elite Hussite Wagon
39:04 Houfnice
41:08 Architecture
40:59 Leather Archer Armor
41:20 Iron Casting
40:54 Bracer
41:38 Plate Mail Armor
41:43 Siege Engineers
80AŞKÖMER
12:37 Feudal Age
17:05 Castle Age
15:39 Double-Bit Axe
15:52 Stone Mining
20:15 Bow Saw
27:40 Wheelbarrow
30:47 Imperial Age
29:05 Caravan
29:02 Gold Mining
30:13 Hand Cart
30:18 Forging
30:14 Scale Barding Armor
31:51 Chivalry
32:12 Conscription
31:30 Cavalier
34:26 Gold Shaft Mining
33:41 Paladin
34:23 Husbandry
36:17 Iron Casting
36:03 Chain Barding Armor
Arnau II
0:31 Loom
13:14 Feudal Age
13:41 Horse Collar
13:50 Double-Bit Axe
13:58 Gold Mining
13:56 Town Watch
15:30 Wheelbarrow
19:32 Padded Archer Armor
19:22 Fletching
19:41 Scale Barding Armor
19:50 Stone Mining
25:14 Castle Age
26:17 Hand Cart
26:03 Town Patrol
26:59 Leather Archer Armor
28:09 Gold Shaft Mining
27:58 Bow Saw
28:41 Crossbowman
29:38 Heavy Plow
29:30 Treadmill Crane
30:32 Ballistics
30:24 Fortified Wall
31:13 Fervor
31:51 Masonry
31:34 Guard Tower
31:56 Masonry
33:11 Murder Holes
33:31 Siphons
35:09 Yeomen
35:25 Caravan
40:49 Imperial Age
44:45 Cranequins
44:49 Arbalester
KingBrun0
0:30 Loom
11:56 Feudal Age
13:06 Double-Bit Axe
13:59 Wheelbarrow
16:32 Horse Collar
21:30 Castle Age
20:41 Forging
20:32 Scale Mail Armor
20:33 Gold Mining
23:03 Bow Saw
24:31 Chain Mail Armor
23:39 Eagle Warrior
24:23 Squires
24:11 Arson
29:35 Imperial Age
27:51 Heavy Plow
29:15 Hand Cart
32:17 Two-Man Saw
32:11 Stone Mining
33:38 Crop Rotation
34:16 Iron Casting
36:01 Holcans
36:01 Elite Eagle Warrior
37:56 Stone Shaft Mining
41:49 Plate Mail Armor
42:19 Blast Furnace
48:52 Pikeman
50:59 Halberdier
李世民
12:07 Feudal Age
13:03 Town Watch
16:50 Castle Age
17:07 Horse Collar
17:13 Double-Bit Axe
26:26 Heavy Plow
29:59 Loom
30:50 Wheelbarrow
30:00 Town Watch
30:50 Bow Saw
31:10 Caravan
35:38 Imperial Age
34:03 Hand Cart
33:48 Town Patrol
35:02 Forging
34:52 Scale Mail Armor
34:57 Scale Barding Armor
34:43 Fletching
34:53 Padded Archer Armor
37:16 Crop Rotation
39:13 Ballistics
39:54 Chemistry
39:00 Siege Engineers
38:17 Heavy Scorpion
38:51 Gold Mining
38:51 Stone Mining
42:23 Conscription
42:10 Ballistas
42:49 Squires
42:10 Pikeman
43:46 Masonry
43:48 Fortified Wall
44:25 Iron Casting
44:05 Chain Mail Armor
44:10 Chain Barding Armor
43:45 Bodkin Arrow
44:05 Leather Archer Armor
47:37 Blast Furnace
46:37 Murder Holes
48:50 Architecture
52:46 Guard Tower
54:05 Plate Barding Armor
54:01 Ring Archer Armor
56:03 Gold Shaft Mining
55:26 Halberdier
56:29 Comitatenses
55:30 Elite Centurion
62:08 Keep
67:19 Bloodlines
67:10 Husbandry
66:58 Sappers
74:08 Light Cavalry
菜鸟驿站
3:15 Loom
11:20 Feudal Age
18:15 Castle Age
17:54 Double-Bit Axe
24:20 Horse Collar
32:07 Imperial Age
30:51 Murder Holes
31:08 Fortified Wall
31:09 Masonry
31:20 Ballistics
31:54 Scale Barding Armor
31:42 Fletching
32:40 Bloodlines
31:52 Light Cavalry
34:30 Wheelbarrow
33:41 Town Watch
34:21 Chain Barding Armor
34:12 Forging
35:52 Chemistry
34:58 Bodkin Arrow
35:53 Heavy Plow
35:22 Winged Hussar
39:05 Conscription
39:21 Hoardings
41:53 Lechitic Legacy
45:36 Bracer
46:12 Iron Casting
59:07 Blast Furnace
59:10 Padded Archer Armor
59:21 Siege Engineers
60:21 Bow Saw
59:36 Crossbowman
60:22 Thumb Ring
60:51 Gold Mining
62:24 Arbalester
Connection lost

Rejoining the realm…

Still unreachable

The connection could not be restored.

Session expired

The server has moved on; the page needs a fresh start.